 Dungeon Crawl Stone Soup version 0.26.1-2-gb8aa6d0 (webtiles) character file.

Game seed: 14786055515042306469

216 AmazingTV the Cudgeller (level 5, -5/48 HPs)
             Began as a Minotaur Berserker on June 5, 2021.
             Was a Believer of Trog.
             Slain by a gnoll
             ... wielding a +0 spear
              (8 damage)
             ... on level 3 of the Dungeon.
             The game lasted 00:12:50 (1221 turns).

AmazingTV the Cudgeller (Minotaur Berserker)        Turns: 1221, Time: 00:12:51

Health: -5/48      AC:  2    Str: 20 (22) XL:     5   Next: 61%
Magic:  4/4        EV: 12    Int:  3 (4)  God:    Trog [**....]
Gold:   63         SH:  0    Dex:  7 (10) Spells: 4/4 levels left

rFire    . . .     SeeInvis .   a - +2 flail (protect)
rCold    . . .     Faith    .   (no shield)
rNeg     . . .     Spirit   .   w - +0 animal skin
rPois    .         Reflect  .   (helmet restricted)
rElec    .         Harm     .   (no cloak)
rCorr    .         Rampage  .   (no gloves)
Will     ++...                  (no boots)
Stlth    +.........             (no amulet)
HPRegen  1.16/turn              (no ring)
MPRegen  0.09/turn              (no ring)

@: berserk cooldown, regenerating, slowed, very slow
A: retaliatory headbutt, horns 2
a: Renounce Religion, Berserk, Trog's Hand


You were on level 3 of the Dungeon.
You worshipped Trog.
Trog was pleased with you.
You visited 1 branch of the dungeon, and saw 3 of its levels.

You collected 63 gold pieces.

Inventory:

Hand Weapons
 a - a +2 flail of protection (weapon)
 b - a +2 vorpal hunting sling
 c - a +2 dagger of venom
 h - a +1 whip of draining
 j - a +0 mace
 m - a +0 mace of venom
 u - a +0 hand axe
 x - a +0 mace
Missiles
 i - 26 arrows
 l - 90 stones (quivered)
 o - 10 sling bullets
 q - 7 silver javelins
Armour
 f - a +0 leather armour
 w - a +0 animal skin (worn)
Jewellery
 r - a +6 ring of strength {unknown}
 t - a cursed amulet of inaccuracy {unknown}
 y - an uncursed amulet of reflection {unknown}
Scrolls
 d - a scroll of teleportation {unknown}
 e - a scroll of magic mapping {unknown}
 g - 4 scrolls of identify {unknown}
Potions
 k - a potion of degeneration
 n - a potion of magic {unknown}
 p - a potion of brilliance {unknown}
 s - a potion of flight {unknown}
 v - a potion of curing {unknown}


   Skills:
 * Level 5.0 Fighting
 * Level 5.1 Maces & Flails
 * Level 2.2(2.5) Slings
 * Level 1.6(2.1) Throwing
 + Level 2.4 Armour
 + Level 2.4 Dodging
 + Level 0.2 Stealth
 * Level 1.5 Shields


You had 4 spell levels left.
You didn't know any spells.
Your spell library was empty.

Dungeon Overview and Level Annotations

Branches:
Dungeon (3/15)

Altars:
Zin


Innate Abilities, Weirdness & Mutations

You reflexively headbutt those who attack you in melee.
You have a pair of horns on your head.


Message History

The hobgoblin hits you. The gnoll hits you with a +0 spear!
The hobgoblin hits you with a +0 club.
* * * LOW HITPOINT WARNING * * *
You can move again.
Your skin stops crawling.
You feel less strong-willed.
The gnoll hits you from afar with a +0 spear!
* * * LOW HITPOINT WARNING * * *
The hobgoblin closely misses you. The gnoll misses you.
You see here a +0 hunting sling.
Your skin crawls.
You feel strong-willed. The hobgoblin hits you.
* * * LOW HITPOINT WARNING * * *
The gnoll closely misses you.
Okay, then.
It was a potion of degeneration.
There was something very wrong with that liquid.
You feel weakened.
You feel dopey.
You feel clumsy.
The gnoll hits you from afar with a +0 spear!
You die...

≈≈≈≈≈≈≈≈≈≈≈≈≈≈≈≈≈≈≈≈≈≈≈≈≈≈≈≈#
≈≈≈≈≈≈≈≈≈≈≈≈≈≈#####≈≈≈≈≈≈≈≈≈#
############### #≈≈≈≈≈≈≈≈≈#
..............# #≈≈≈≈≈≈≈≈≈#
...........(..# ......
......##+# ...# #......# ...#
#.(....# ...########....g@#
...(..........##)#
(.............#gKg#
..............#$$$#
###############$$$# #####


You could see a gnoll, 2 hobgoblins and a kobold.

Vanquished Creatures
  A big kobold (D:3)
  An orc wizard (D:3)
  An adder (D:3)
  5 gnolls (D:3)
  A worm (D:2)
  2 dart slugs
  A leopard gecko (D:2)
  2 orcs (D:3)
  A giant cockroach (D:1)
  12 goblins
  13 hobgoblins
  3 kobolds
  A quokka (D:3)
  4 bats
  3 frilled lizards (D:1)
  A rat (D:1)
52 creatures vanquished.

Notes
Turn   | Place    | Note
-------+----------+-------------------------------------------
     0 | D:1      | AmazingTV the Minotaur Berserker began the quest for the
                  | Orb.
     0 | D:1      | Reached XP level 1. HP: 19/19 MP: 0/0
   232 | D:1      | Reached XP level 2. HP: 27/27 MP: 1/1
   581 | D:2      | Found a glowing silver altar of Zin.
   826 | D:3      | Reached skill level 1 in Slings
   826 | D:3      | Reached skill level 1 in Shields
   826 | D:3      | Reached XP level 3. HP: 26/33 MP: 2/2
   828 | D:3      | Reached ** piety under Trog
   891 | D:3      | Reached XP level 4. HP: 38/41 MP: 3/3
   969 | D:3      | Reached skill level 1 in Throwing
  1188 | D:3      | Reached XP level 5. HP: 37/47 MP: 4/4
  1214 | D:3      | Reached skill level 5 in Fighting
  1214 | D:3      | Reached skill level 5 in Maces & Flails
  1220 | D:3      | HP: 2/48 [hobgoblin (4)]
  1221 | D:3      | Slain by a gnoll

Illustrated notes

Levels and vault maps discovered:
D:1:      psy_arrival_terrarium, layout_rooms
D:2:      layout_basic, zin_academy, nzn_hepliaklqana_mist_gate,
          lemuel_zombie_altar_kikubaaqudgha
D:3:      minmay_goblin_kobold_castle, layout_basic, kennysheep_slug_shrine,
          portal_sewer_entry_e, chequers_ecumenical_altar_twisty

Skill      XL: |  1  2  3  4  5 |
---------------+----------------+-----
Maces & Flails | 4 5 |  5.1
Fighting       | 4 5 |  5.0
Slings         | 1 2 |  2.2
Shields        | 1 |  1.5
Throwing       | 1 |  1.6
Armour         | |  2.4
Dodging        | |  2.4
Stealth        | |  0.2

Action                   |  1- 3 |  4- 6 || total
-------------------------+-------+-------++-------
Melee: Mace              |    50 |    14 ||    64
       Headbutt          |     9 |     5 ||    14
       Flail             |       |    14 ||    14
 Fire: Hunting sling     |       |    31 ||    31
Throw: Stone             |    40 |       ||    40
       Javelin           |     3 |       ||     3
Invok: Berserk           |     1 |     2 ||     3
       Trog's Hand       |     1 |     3 ||     4
  Use: Potion            |       |     1 ||     1
Armor: Animal skin       |     8 |    14 ||    22
Dodge: Dodged            |    38 |    37 ||    75
